 Dungeon Crawl Stone Soup version 0.29.0-13-gc9e81de378 (webtiles) character file.

Game seed: 6501549481453119259

350 jt the Chopper (level 6, -5/51 HPs)
             Began as a Minotaur Abyssal Knight on Sept 7, 2022.
             Was an Elder of Lugonu.
             Slain by an iguana (6 damage)
             ... on level 5 of the Dungeon.
             The game lasted 00:05:18 (2506 turns).

jt the Chopper (Minotaur Abyssal Knight)            Turns: 2506, Time: 00:05:18

Health: -5/51      AC:  9    Str: 16 (19) XL:     6   Next: 34%
Magic:  7/8        EV:  7    Int:  6 (7)  God:    Lugonu [****..]
Gold:   156        SH:  0    Dex: 10 (11) Spells: 5/5 levels left

rFire   . . .      SeeInvis .   n - +0 war axe
rCold   . . .      Faith    .   (no shield)
rNeg    . . .      Spirit   .   r - +0 chain mail
rPois   .          Reflect  .   (helmet restricted)
rElec   .          Harm     .   (no cloak)
rCorr   .          Rampage  .   l - +0 pair of gloves
Will    .....                   (no boots)
Stlth   ..........              (no amulet)
HPRegen 0.17/turn               (no ring)
MPRegen 0.11/turn               (no ring)

@: mighty, lethally poisoned (-5 -> -6), flying, invisible
A: horns 2, retaliatory headbutt
a: Renounce Religion, Depart the Abyss, Bend Space, Banish, Corrupt


You were on level 5 of the Dungeon.
You worshipped Lugonu.
Lugonu was greatly pleased with you.
You visited 2 branches of the dungeon, and saw 6 of its levels.
You visited the Abyss 1 time.

You collected 156 gold pieces.

Inventory:

Hand Weapons
 a - a +1 hand axe
 f - a +0 flail
 h - a +1 whip of draining
 j - a +0 trident
 n - a +0 war axe (weapon)
Missiles
 i - 15 stones (quivered)
 s - 7 poisoned darts
Armour
 b - a +0 leather armour
 d - a +0 ring mail
 l - a +0 pair of gloves (worn)
 r - a +0 chain mail (worn)
Wands
 u - a wand of charming (6)
Scrolls
 m - a scroll of blinking
 o - 2 scrolls of amnesia {unknown}
 p - 2 scrolls of summoning {unknown}
 q - a scroll of enchant weapon {unknown}
 t - a scroll of teleportation {unknown}
 x - a scroll of brand weapon {unknown}
Potions
 c - 2 potions of ambrosia
 e - a potion of haste {unknown}
 g - a potion of flight
 k - a potion of invisibility
 v - a potion of might
 w - a potion of degeneration


   Skills:
 - Level 3.6 Fighting
 + Level 6.6 Axes
 - Level 2.4 Armour
 - Level 1.1 Dodging
 + Level 4.2 Invocations


You had 5 spell levels left.
You didn't know any spells.
Your spell library contained the following spells:

 Spells                   Type           Power      Damage    Failure   Level
 Magic Dart               Conj           0%         1d3       100%        1
 Call Imp                 Summ           0%         N/A       100%        2
 Mephitic Cloud           Conj/Pois/Air  0%         N/A       100%        3
 Olgreb's Toxic Radiance  Pois           0%         N/A       100%        4
 Ozocubu's Refrigeration  Ice            0%         4d7       100%        7
 Ignition                 Fire           0%         3d3       100%        8


Dungeon Overview and Level Annotations

Branches:
Dungeon (5/15)             Temple (1/1) D:4

Altars:
Gozag
Vehumet

Annotations:
D:2 Sigmund
D:5 3 runed translucent doors, AbrileMaio's ghost, weakling SpDe


Innate Abilities, Weirdness & Mutations

You have a pair of horns on your head.
You reflexively headbutt those who attack you in melee.


Message History

The iguana is severely wounded.
You hit the adder but do no damage.
You feel sick.
The iguana bites you but does no damage.
The adder bites you.
You are more poisoned.
The adder poisons you!
You hit the iguana but do no damage.
The iguana is severely wounded.
You hit the adder.
You feel sick. The adder barely misses you.
The iguana bites you but does no damage.
The adder bites you. The iguana bites you!
* * * LOW HITPOINT WARNING * * *
Unknown command.
Okay, then.
Okay, then.
Space bends violently around you!
You blink.
* * * LOW HITPOINT WARNING * * *
You feel sick.
Unknown command.
It was a potion of flight.
You feel very buoyant.
You fly up into the air.
* * * LOW HITPOINT WARNING * * *
You feel sick.
Okay, then.
It was a potion of invisibility.
You fade into invisibility!
* * * LOW HITPOINT WARNING * * *
You feel sick.
It was a potion of might.
You feel very mighty all of a sudden.
* * * LOW HITPOINT WARNING * * *
You feel sick. The adder closely misses you.
Okay, then.
It was a potion of degeneration.
There was something very wrong with that liquid.
You feel weakened.
You feel dopey.
You feel clumsy.
* * * LOW HITPOINT WARNING * * *
You feel sick. The adder closely misses you. The iguana bites you.
You die...

###).....#......##.......##.
#.......#.......#.......#..
#.......'.......####'####..
#.......#.......#.......#..
###......#......##..)....##.
#.'......#......+.........+.
#.##...##### ##.........##
#..#.#+#...#+# #...........#
##.###....S@.# ###.......###
#.#......l....# #+#...#)#..
#.##.........## #####.)..
#..'.........+ ...........
#####.......## ...........
#.......# ...<.......
####+#### .##..##.##. ###
#####


You could see an iguana (unable to see you) and an adder (unable to see you).

Vanquished Creatures
  A scorpion (D:5)
  A howler monkey (D:5)
  3 hounds (D:5)
  An orc wizard (D:5)
  An iguana (D:5)
  5 adders
  A worm (D:3)
  3 dart slugs
  4 orcs (D:5)
  5 bats
  2 endoplasms
  4 giant cockroaches
  7 goblins
  5 hobgoblins (D:1)
  5 jackals (D:1)
  4 quokkas
  4 ball pythons
  A frilled lizard (D:1)
  5 kobolds (D:1)
  4 rats
66 creatures vanquished.

Notes
Turn   | Place    | Note
-------+----------+-------------------------------------------
     0 | Abyss:1  | jt the Minotaur Abyssal Knight began the quest for the Orb.
     0 | Abyss:1  | Reached XP level 1. HP: 19/19 MP: 1/1
     1 | D:1      | Escaped the Abyss
   216 | D:1      | Reached skill level 3 in Axes
   248 | D:1      | Reached XP level 2. HP: 23/26 MP: 2/2
   408 | D:1      | Reached skill level 4 in Axes
   541 | D:1      | Reached XP level 3. HP: 30/31 MP: 3/3
   571 | D:1      | Reached *** piety under Lugonu
  1091 | D:2      | Found a faded altar of an unknown god.
  1331 | D:2      | Found a radiant altar of Vehumet.
  1379 | D:2      | Reached skill level 5 in Axes
  1379 | D:2      | Reached XP level 4. HP: 36/39 MP: 4/4
  1551 | D:2      | Noticed Sigmund
  1651 | D:3      | You fall into a shaft and drop 2 floors!
  1651 | D:5      | Entered Level 5 of the Dungeon
  1881 | D:5      | Reached XP level 5. HP: 21/45 MP: 6/6
  2134 | D:5      | Found a runed translucent gate.
  2134 | D:5      | Found a runed translucent gate.
  2134 | D:5      | Found a runed translucent gate.
  2135 | D:5      | Found an opulent altar of Gozag.
  2138 | D:5      | Noticed AbrileMaio's ghost (weakling SpDe)
  2138 | D:5      | Noticed a two-headed ogre
  2166 | D:5      | Reached skill level 6 in Axes
  2289 | D:4      | Found a staircase to the Ecumenical Temple.
  2294 | Temple   | Entered the Ecumenical Temple
  2357 | D:5      | Reached XP level 6. HP: 46/51 MP: 6/8
  2377 | D:5      | Reached **** piety under Lugonu
  2505 | D:5      | HP: 2/51 [poisoned by an adder]
  2506 | D:5      | Slain by an iguana

Illustrated notes

Levels and vault maps discovered:
D:1:      matt_arrival_spirals, layout_rooms, minmay_misc_feat_square
D:2:      layout_loops_ring, shapermc_ecumenical_altar_totnotflames,
          basic_altar, grunt_ministairs_2, minmay_misc_feat_rugged, uniq_sigmund
D:3:      layout_rooms, mainiacjoe_overflow_boulevard, minmay_misc_feat_cross,
          dk_vineyard_2
D:4:      layout_rooms, kennysheep_mini_moat, minmay_temple_entry_from_below_a,
          serial_forest, infiniplex_forest_lined_3_way,
          infiniplex_forest_zigzag_1, infiniplex_forest_straight_3,
          infiniplex_forest_lined_corner, infiniplex_forest_split,
          infiniplex_forest_lined_room_3, infiniplex_forest_lined_3,
          infiniplex_forest_straight_1, infiniplex_forest_3_way, uniq_ijyb
D:5:      nicolae_cairo_tiling_very_big, layout_gridville, ebering_ghost_gozag
Temple:   jpeg_temple_clearing

Skill      XL: |  1  2  3  4  5 |
---------------+----------------+-----
Axes           | 3 4 5 6 |  6.6
Invocations    | 2 3 4 |  4.2
Fighting       | |  3.6
Armour         | |  2.4
Dodging        | |  1.1

Action                   |  1- 3 |  4- 6 || total
-------------------------+-------+-------++-------
Melee: Hand axe          |    73 |       ||    73
       Headbutt          |    13 |     8 ||    21
       Punch             |     1 |     1 ||     2
       War axe           |    13 |    91 ||   104
Throw: Stone             |     2 |     1 ||     3
Invok: Bend Space        |       |     1 ||     1
  Use: Scroll            |       |     3 ||     3
       Potion            |       |     4 ||     4
Armor: Ring mail         |    23 |       ||    23
       Chain mail        |     6 |    79 ||    85
Dodge: Dodged            |    42 |    32 ||    74
